 Dungeon Crawl Stone Soup version 0.30-a0-223-gcb0039aa0c (webtiles) character file.

Game seed: 4015114461225921862

341 qw the Chopper (level 6, -1/38 HPs)
             Began as a Gargoyle Fighter on Oct 9, 2022.
             Slain by an ogre
             ... wielding a +0 giant club
              (13 damage)
             ... on level 5 of the Dungeon.
             The game lasted 00:01:22 (3719 turns).

qw the Chopper (Gargoyle Fighter)                   Turns: 3719, Time: 00:01:22

Health: -1/38      AC: 20    Str: 22    XL:     6   Next: 56%
Magic:  6/6        EV:  6    Int:  8    God:
Gold:   256        SH:  5    Dex: 15    Spells: 5/5 levels left

rFire   . . .      SeeInvis .    Y - +1 war axe
rCold   . . .      Faith    .    c - +0 buckler
rNeg    + . .      Spirit   .    n - +0 plate armour
rPois   inf        Reflect  .    (no helmet)
rElec   +          Harm     .    (no cloak)
rCorr   .          Rampage  .    q - +2 pair of gloves
Will    .....                    k - +0 pair of boots
Stlth   ..........               (no amulet)
HPRegen 0.26/turn                g - +6 ring of dexterity
MPRegen 0.10/turn                (no ring)

@: no status effects
A: sickness immunity, AC +4, negative energy resistance 1, electricity
resistance, torment resistance 1, petrification resistance
a: no special abilities


You were on level 5 of the Dungeon.
You visited 1 branch of the dungeon, and saw 5 of its levels.

You collected 256 gold pieces.


Innate Abilities, Weirdness & Mutations

You are immune to sickness and miasma.
Your stone body is resilient. (AC +4)
You are immune to poison.
You resist negative energy. (rN+)
You are resistant to electric shocks. (rElec)
You are resistant to unholy torment.
You are immune to petrification.


   Skills:
 - Level 4.0 Fighting
 + Level 5.6 Axes
 - Level 3.2 Armour
 - Level 1.0 Dodging
 - Level 3.2 Shields


You had 5 spell levels left.
You didn't know any spells.
Your spell library was empty.

Inventory:

Hand Weapons
 e - a +0 flail
 Y - a +1 war axe (weapon)
Missiles
 f - 2 boomerangs (quivered)
Armour
 c - a +0 buckler (worn)
 k - a +0 pair of boots (worn)
 n - a +0 plate armour (worn)
 q - a +2 pair of gloves (worn)
Jewellery
 g - a +6 ring of dexterity (left hand)
Scrolls
 a - 3 scrolls of teleportation
 p - a scroll of identify
Potions
 b - a potion of curing
 d - a potion of might
 h - a potion of brilliance {unknown}
 i - a potion of ambrosia {unknown}
 j - a potion of cancellation {unknown}
 l - a potion of mutation {unknown}
 m - a potion of haste {unknown}
 o - a potion of attraction {unknown}
 r - a potion of lignification {unknown}
 s - a potion of flight {unknown}

Dungeon Overview and Level Annotations

Branches:
Dungeon (5/15)
 Temple: D:4-7

Altars:
The Shining One


Message History

3642 ||| FLEEEEING.
3643 ||| FLEEEEING.
3644 ||| FLEEEEING.
3645 ||| FLEEEEING.
3646 ||| FLEEEEING.
3647 ||| FLEEEEING.
3648 ||| FLEEEEING.
3649 ||| FLEEEEING.
3650 ||| FLEEEEING.
3651 ||| FLEEEEING.
3652 ||| FLEEEEING.
3653 ||| FLEEEEING.
There is a stone staircase leading up here.
3654 ||| STAIRDANCE You climb upwards.
There is a stone staircase leading down here.
Enter note: You start resting.
HP restored.
Done exploring.
3715 ||| READING 2 scrolls of identify.
As you read the scroll of identify, it crumbles to dust.
b - a potion of curing;
3715 ||| IDENTIFYING orange potion Done exploring.
(D) Dungeon
Where to? (* - list waypoints, Enter - D:5, ? - help)
What level of the Dungeon? (default 1, ? - help)
You climb downwards.
The ogre barely misses you. The iguana barely misses you.
The iguana bites you but does no damage.
There is a stone staircase leading up here.
You slash the ogre!
The ogre is heavily wounded.
You hit the iguana.
The ogre hits you with a +0 giant club!!
The iguana bites you but does no damage.
You closely miss the ogre.
The ogre is heavily wounded.
You slash the iguana! The iguana bites you!
The ogre hits you with a +0 giant club!
You die...

##.........##
#......##..##
#.....####..##
#....# ##..##
...## ##..##
..# ##..## .#
##..##
##.O####..
#@......#
#.l....##
.......#
#......##
#......#
#......#
#......#
##.....#


You could see an ogre and an iguana.

Vanquished Creatures
  A water moccasin (D:5)
  Natasha (D:2)
  An iguana (D:3)
  10 adders
  An ufetubus (D:4)
  A worm (D:2)
  5 dart slugs
  An orc (D:4)
  9 ball pythons
  4 endoplasms
  3 giant cockroaches
  11 goblins
  5 hobgoblins
  7 jackals
  3 kobolds
  3 bats (D:1)
  2 frilled lizards (D:2)
  8 rats
76 creatures vanquished.

Vanquished Creatures (others)
  9 plants (D:3)
9 creatures vanquished.

Grand Total: 85 creatures vanquished

Notes
Turn   | Place    | Note
-------+----------+-------------------------------------------
     0 | D:1      | qw the Gargoyle Fighter began the quest for the Orb.
     0 | D:1      | Reached XP level 1. HP: 14/14 MP: 1/1
     0 | D:1      | 0 ||| qw: Version: 0.2-a-17-g06abaee
     0 | D:1      | 0 ||| qw: Game counter: 2165
     0 | D:1      | 0 ||| qw: Always use a shield: true
     0 | D:1      | 0 ||| qw: God list: Okawaru
     0 | D:1      | 0 ||| qw: Allow faded altars: false
     0 | D:1      | 0 ||| qw: Do Orc after D:15 true
     0 | D:1      | 0 ||| qw: Do second Lair branch before Depths: true
     0 | D:1      | 0 ||| qw: Lair rune preference: random
     0 | D:1      | 0 ||| qw: Plans: Normal, Zot:1-4, God:TSO, Crypt, Tomb,
                  | Pan, Slime:5, Hells, Abyss, Orb
     0 | D:1      | 0 ||| PLANNING D:1-11
    66 | D:1      | Reached skill level 2 in Axes
   139 | D:1      | Reached XP level 2. HP: 19/19 MP: 2/2
   261 | D:1      | 261 ||| Stepping ~*~*~tactically~*~*~ (hiding).
   501 | D:1      | 501 ||| Stepping ~*~*~tactically~*~*~ (stealth).
   503 | D:1      | 503 ||| Stepping ~*~*~tactically~*~*~ (stealth).
   504 | D:1      | 504 ||| Stepping ~*~*~tactically~*~*~ (stealth).
   509 | D:1      | Reached skill level 3 in Axes
   663 | D:1      | 663 ||| Stepping ~*~*~tactically~*~*~ (stealth).
   665 | D:1      | 665 ||| Stepping ~*~*~tactically~*~*~ (stealth).
   667 | D:1      | 667 ||| Stepping ~*~*~tactically~*~*~ (stealth).
   677 | D:1      | Reached XP level 3. HP: 23/23 MP: 3/3
   927 | D:1      | 927 ||| UPGRADING to +0 pair of boots.
   932 | D:1      | 932 ||| UPGRADING to +6 ring of dexterity.
   933 | D:1      | 933 ||| READING 3 scrolls labelled QYEPLO ILIBAED.
   937 | D:1      | 937 ||| READING scroll labelled ISMESI YTIAR.
   998 | D:2      | 998 ||| Stepping ~*~*~tactically~*~*~ (stealth).
  1067 | D:2      | 1067 ||| Stepping ~*~*~tactically~*~*~ (stealth).
  1074 | D:2      | Reached skill level 1 in Dodging
  1100 | D:2      | 1100 ||| DROPPING +0 club.
  1130 | D:2      | Noticed Natasha
  1131 | D:2      | 1131 ||| Stepping ~*~*~tactically~*~*~ (hiding).
  1140 | D:2      | Killed Natasha
  1141 | D:2      | Reached XP level 4. HP: 28/28 MP: 4/4
  1233 | D:2      | Reached skill level 4 in Axes
  1474 | D:2      | 1474 ||| READING scroll labelled LUJAGI NATZ.
  1475 | D:2      | 1475 ||| READING 3 scrolls labelled FYC SEJYC QOTA.
  1476 | D:2      | 1476 ||| DROPPING 2 scrolls of amnesia.
  1553 | D:3      | Reached XP level 5. HP: 20/32 MP: 5/5
  1657 | D:3      | 1657 ||| Stepping ~*~*~tactically~*~*~ (stealth).
  1674 | D:3      | 1674 ||| Stepping randomly (stuck).
  1675 | D:3      | 1675 ||| Stepping randomly (stuck).
  1676 | D:3      | 1676 ||| Stepping randomly (stuck).
  2100 | D:3      | 2100 ||| Stepping ~*~*~tactically~*~*~ (stealth).
  2255 | D:3      | Found a faded altar of an unknown god.
  2403 | D:3      | 2403 ||| UPGRADING to +0 plate armour.
  2413 | D:3      | 2413 ||| DROPPING +0 scale mail.
  2414 | D:3      | 2414 ||| DROPPING orb of guile.
  2415 | D:3      | 2415 ||| UPGRADING to +2 pair of gloves.
  2420 | D:3      | 2420 ||| READING 2 scrolls labelled GISSO ASUN.
  2451 | D:4      | 2451 ||| STAIRDANCE
  2547 | D:4      | 2547 ||| Stepping ~*~*~tactically~*~*~ (stealth).
  2548 | D:4      | 2548 ||| Stepping ~*~*~tactically~*~*~ (stealth).
  2622 | D:4      | Reached skill level 5 in Axes
  2948 | D:4      | Found a glowing golden altar of the Shining One.
  3148 | D:4      | 3148 ||| READING scroll labelled ZAITIYLOAR.
  3149 | D:4      | 3149 ||| READING scroll labelled ETSEOWN LUCA.
  3250 | D:4      | 3250 ||| READING 3 scrolls labelled VOBARI XIRRE.
  3273 | D:4      | 3273 ||| DROPPING 2 scrolls of torment.
  3311 | D:5      | Entered Level 5 of the Dungeon
  3501 | D:5      | Noticed a water moccasin
  3502 | D:5      | 3502 ||| Stepping ~*~*~tactically~*~*~ (stealth).
  3508 | D:5      | Reached XP level 6. HP: 38/38 MP: 6/6
  3535 | D:5      | Killed a water moccasin
  3610 | D:5      | Found the +6 shillelagh "Devastator" {shatter}
  3614 | D:5      | 3614 ||| Stepping ~*~*~tactically~*~*~ (stealth).
  3616 | D:5      | 3616 ||| Stepping ~*~*~tactically~*~*~ (stealth).
  3617 | D:5      | 3617 ||| FLEEEEING.
  3618 | D:5      | 3618 ||| FLEEEEING.
  3620 | D:5      | 3620 ||| FLEEEEING.
  3621 | D:5      | 3621 ||| FLEEEEING.
  3622 | D:5      | 3622 ||| FLEEEEING.
  3623 | D:5      | 3623 ||| FLEEEEING.
  3624 | D:5      | 3624 ||| FLEEEEING.
  3625 | D:5      | 3625 ||| FLEEEEING.
  3626 | D:5      | 3626 ||| FLEEEEING.
  3627 | D:5      | 3627 ||| FLEEEEING.
  3628 | D:5      | 3628 ||| FLEEEEING.
  3629 | D:5      | 3629 ||| FLEEEEING.
  3630 | D:5      | 3630 ||| FLEEEEING.
  3631 | D:5      | 3631 ||| FLEEEEING.
  3632 | D:5      | 3632 ||| FLEEEEING.
  3634 | D:5      | 3634 ||| FLEEEEING.
  3635 | D:5      | 3635 ||| FLEEEEING.
  3636 | D:5      | 3636 ||| FLEEEEING.
  3637 | D:5      | 3637 ||| FLEEEEING.
  3638 | D:5      | 3638 ||| FLEEEEING.
  3639 | D:5      | 3639 ||| FLEEEEING.
  3640 | D:5      | 3640 ||| FLEEEEING.
  3641 | D:5      | 3641 ||| FLEEEEING.
  3642 | D:5      | 3642 ||| FLEEEEING.
  3643 | D:5      | 3643 ||| FLEEEEING.
  3644 | D:5      | 3644 ||| FLEEEEING.
  3645 | D:5      | 3645 ||| FLEEEEING.
  3646 | D:5      | 3646 ||| FLEEEEING.
  3647 | D:5      | 3647 ||| FLEEEEING.
  3648 | D:5      | 3648 ||| FLEEEEING.
  3649 | D:5      | 3649 ||| FLEEEEING.
  3650 | D:5      | 3650 ||| FLEEEEING.
  3651 | D:5      | 3651 ||| FLEEEEING.
  3652 | D:5      | 3652 ||| FLEEEEING.
  3653 | D:5      | 3653 ||| FLEEEEING.
  3654 | D:5      | 3654 ||| STAIRDANCE
  3715 | D:4      | 3715 ||| READING 2 scrolls of identify.
  3715 | D:4      | 3715 ||| IDENTIFYING orange potion
  3719 | D:5      | Slain by an ogre

Levels and vault maps discovered:
D:1:      dpeg_arrival_rooms_c, layout_basic
D:2:      layout_basic, uniq_natasha
D:3:      layout_basic, shapermc_ecumenical_altar_venn, serial_bayou_lagoon_a,
          minmay_surrounded
D:4:      layout_loops_ring, mainiacjoe_overflow_boulevard
D:5:      layout_cave_pods, gammafunk_ghost_icy, st_stairs_12,
          dilly_guarded_unrand_devastator

Skill      XL: |  1  2  3  4  5 |
---------------+----------------+-----
Axes           | 2 3 4 5 |  5.6
Dodging        | 1 |  1.0
Fighting       | 4 |  4.0
Armour         | |  3.2
Shields        | |  3.2

Action                   |  1- 3 |  4- 6 || total
-------------------------+-------+-------++-------
Melee: War axe           |    80 |   135 ||   215
Throw: Boomerang         |    37 |    46 ||    83
  Use: Scroll            |     2 |     7 ||     9
Armor: Scale mail        |    31 |    11 ||    42
       Skin              |     3 |       ||     3
       Plate armour      |       |    74 ||    74
Dodge: Dodged            |    32 |    48 ||    80
Block: Buckler           |    13 |    24 ||    37

Table legend:
 A = Non-vault XP
 B = Vault XP
 C = Vault XP percentage of total XP
 D = Non-vault monster count
 E = Vault monster count
 F = Vault count percentage of total count
                 A         B        C        D         E       F
            +---------+---------+-------+---------+---------+-------
      Total |     444 |      44 |   9.0 |      71 |       5 |   6.6
            +---------+---------+-------+---------+---------+-------
        D:1 |      41 |       0 |   0.0 |      22 |       0 |   0.0
        D:2 |      67 |      36 |  35.0 |      18 |       1 |   5.3
        D:3 |      78 |       8 |   9.3 |      13 |       4 |  23.5
        D:4 |      67 |       0 |   0.0 |      13 |       0 |   0.0
        D:5 |     191 |       0 |   0.0 |       5 |       0 |   0.0
            +---------+---------+-------+---------+---------+-------
